 Dungeon Crawl Stone Soup version 0.25-a0-566-g062765be81 (webtiles) character file.

Game seed: 17694347070790433221, levelgen mode: deterministic

532 Flugslaktarn the Chopper (level 7, -11/64 HPs)
             Began as a Deep Dwarf Fighter on Feb 27, 2020.
             Mangled by an ogre
             ... wielding a +0 giant spiked club
              (31 damage)
             ... on level 4 of the Dungeon.
             The game lasted 00:01:27 (1745 turns).

Flugslaktarn the Chopper (Deep Dwarf Fighter)       Turns: 1745, Time: 00:01:28

Health: -11/64     AC:  8    Str: 22    XL:     7   Next: 4%
Magic:  6/6        EV:  7    Int:  8    God:
Gold:   174        SH: 10    Dex: 12    Spells: 6/6 levels left

rFire    . . .     SeeInvis .   t - +3 hand axe
rCold    . . .     Gourm    .   c - +0 kite shield
rNeg     . . .     Faith    .   b - +0 scale mail
rPois    .         Spirit   .   l - +0 helmet
rElec    .         Reflect  .   (no cloak)
rCorr    .         Harm     .   (no gloves)
MR       +....                  (no boots)
Stlth    ..........             (no amulet)
HPRegen  0.00/turn              (no ring)
MPRegen  0.10/turn              (no ring)

@: non-regenerating
A: damage resistance, heal wounds, sense surroundings 1, no regeneration
a: Heal Wounds


You were on level 4 of the Dungeon.
You were not hungry.

You visited 1 branch of the dungeon, and saw 4 of its levels.
You also visited: Ossuary.

You collected 174 gold pieces.

Inventory:

Hand Weapons
 a - a +0 war axe
 t - a +3 hand axe (weapon)
   (You took it off an orc on level 4 of the Dungeon)
Missiles
 m - a throwing net (quivered)
Armour
 b - a +0 scale mail (worn)
 c - a +0 kite shield (worn)
 l - a +0 helmet (worn)
   (You found it on level 2 of the Dungeon)
Scrolls
 f - a scroll of magic mapping {unknown}
 h - a scroll of fog {unknown}
 i - 2 scrolls of remove curse {unknown}
 o - 2 scrolls of amnesia {unknown}
 p - 2 scrolls of enchant armour {unknown}
 r - 5 scrolls of identify {unknown}
Potions
 d - 3 potions of might
 g - 2 potions of haste {unknown}
 j - 2 potions of ambrosia {unknown}
 k - 3 potions of curing {unknown}
 n - 3 potions of stabbing {unknown}
 q - 4 potions of heal wounds {unknown}
 s - a potion of flight {unknown}
 u - a potion of cancellation {unknown}
 v - a potion of brilliance {unknown}
Comestibles
 e - 4 rations


   Skills:
 + Level 4.0 Fighting
 * Level 5.5 Axes
 + Level 4.9 Armour
 + Level 4.9 Shields


You had 6 spell levels left.
You didn't know any spells.
Your spell library was empty.

Dungeon Overview and Level Annotations

Branches:
Dungeon (4/15)            Ossuary (visited)
 Temple: D:4-7

Altars:
Beogh


Innate Abilities, Weirdness & Mutations

You are resistant to damage.
You can heal yourself by infusing magical energy.
You passively map a small area around you.
You do not regenerate.


Message History

The ooze is almost dead.
You block the ooze's attack.
You hit the ooze.
You kill the ooze!
The ogre hits you with a +0 giant spiked club!!
There is an open door, spattered with blood here.
You hit the ogre.
The ogre is lightly wounded.
The ogre hits you with a +0 giant spiked club!
You are too injured to fight recklessly!
You are too injured to fight recklessly!
You are too injured to fight recklessly!
You are too injured to fight recklessly!
You are too injured to fight recklessly!
You are too injured to fight recklessly!
You fail to use your ability.
You are too injured to fight recklessly!
You fail to use your ability.
The ogre hits you with a +0 giant spiked club!!
You die...

#.###.##.# * ,
#........# ##.......##
#####...####.........# *
...........+.........+,,
#####...####.........# ,
# ##................# ,
# #.###.####.#.....# * #
#.# #..###.##.O.# * #
#.###......# #@# #
##...#.##### #.# * #
#####.# #.####### * #
#.#######.......# #
#...........###.# #
#######.....# *
#.....#** #.#...#,
#.##..#, *


You could see an ogre.

Vanquished Creatures
  A wraith (Ossuary)
  An elf zombie (Ossuary)
  A hound (D:4)
  2 orc priests
  An iguana (D:4)
  A worker ant (D:4)
  3 mummies (Ossuary)
  2 adders
  4 gnolls (D:3)
  An ooze (D:4)
  An adder skeleton (D:4)
  2 worms
  2 dart slugs
  2 leopard geckos
  8 orcs
  5 hobgoblins
  3 jackals (D:2)
  3 kobolds
  4 ball pythons
  4 bats
  6 goblins
  4 goblin zombies (Ossuary)
  4 hobgoblin zombies (Ossuary)
  3 kobold zombies (Ossuary)
  9 rats
77 creatures vanquished.

Notes
Turn   | Place    | Note
-------+----------+-------------------------------------------
     0 | D:1      | Flugslaktarn the Deep Dwarf Fighter began the quest for the
                  | Orb.
     0 | D:1      | Reached XP level 1. HP: 20/20 MP: 1/1
   223 | D:2      | Reached XP level 2. HP: 20/27 MP: 2/2
   352 | D:2      | Reached skill level 3 in Axes
   352 | D:2      | Reached XP level 3. HP: 33/33 MP: 2/2
   578 | D:3      | Reached XP level 4. HP: 18/42 MP: 3/3
   675 | D:3      | Found a roughly hewn altar of Beogh.
   789 | D:4      | Reached XP level 5. HP: 24/49 MP: 4/4
   799 | D:4      | Reached skill level 4 in Axes
  1113 | D:4      | Found a sand-covered staircase.
  1228 | D:4      | Reached XP level 6. HP: 31/56 MP: 5/5
  1273 | Ossuary  | Entered an ossuary
  1273 | Ossuary  | Noticed a wraith
  1273 | Ossuary  | Noticed a wraith
  1273 | Ossuary  | Noticed a wraith
  1334 | Ossuary  | Reached skill level 5 in Axes
  1433 | Ossuary  | Noticed a wraith
  1454 | Ossuary  | Killed a wraith
  1558 | Ossuary  | Reached XP level 7. HP: 31/64 MP: 6/6
  1745 | D:4      | Mangled by an ogre

Levels and vault maps discovered:
D:1:      scummos_arrival_hexagon, layout_loops_corners
D:2:      layout_loops_ring, marbit_many_paths, first_ration,
          nicolae_ru_sacrificial_ziggurat, uniq_robin
D:3:      layout_basic, kennysheep_orc_chapel
D:4:      layout_loops_corners, nemelex_xobeh_ov_fountains_minmay,
          enter_ossuary_5, minmay_pentomino_pile, uniq_sigmund

Skill      XL: |  1  2  3  4  5  6 |
---------------+-------------------+-----
Axes           | 3 4 5 |  5.5
Fighting       | 3 4 |  4.0
Armour         | 4 |  4.9
Shields        | 4 |  4.9

Action                   |  1- 3 |  4- 6 |  7- 9 || total
-------------------------+-------+-------+-------++-------
Melee: War axe           |   110 |    76 |       ||   186
       Hand axe          |       |    88 |    22 ||   110
 Abil: Heal Wounds       |     1 |     7 |     1 ||     9
  Eat: Chunk             |       |     2 |       ||     2
       Ration            |       |       |     1 ||     1
Armor: Scale mail        |    63 |    49 |     3 ||   115
Dodge: Dodged            |    31 |    34 |     2 ||    67
Block: Kite shield       |    65 |    91 |     5 ||   161

Table legend:
 A = Non-vault XP
 B = Vault XP
 C = Vault XP percentage of total XP
 D = Non-vault monster count
 E = Vault monster count
 F = Vault count percentage of total count
                 A         B        C        D         E       F
            +---------+---------+-------+---------+---------+-------
      Total |     311 |     450 |  59.1 |      56 |      21 |  27.3
            +---------+---------+-------+---------+---------+-------
        D:1 |      11 |       0 |   0.0 |       8 |       0 |   0.0
        D:2 |      52 |       0 |   0.0 |      20 |       0 |   0.0
        D:3 |      81 |      47 |  36.7 |      16 |       3 |  15.8
        D:4 |     167 |      33 |  16.5 |      12 |       2 |  14.3
    Ossuary |       0 |     370 | 100.0 |       0 |      16 | 100.0
            +---------+---------+-------+---------+---------+-------
